[Event "*** Titled Tuesday Blitz"]
[Site "Chess.com"]
[Date "2020.05.26"]
[Round "6"]
[White "Gromes7"]
[Black "agrigo3"]
[Result "1-0"]
[WhiteElo "2017"]
[BlackElo "2262"]
[TimeControl "180+1"]
[EndTime "11:08:15 PDT"]
[Termination "Gromes7 won by checkmate"]

1. d4 d5 2. Nf3 c6 3. g3 Nf6 4. Bg2 Bf5 5. c4 e6 6. cxd5 cxd5 7. Qb3 Qc8 8. Nc3 Nc6 9. Bf4 Nh5 10. Rc1 Nxf4 11.
gxf4 Bd6 12. Ne5 Nxd4 13. Qa4+ Nc6 14. e4 dxe4 15. Nxc6 Qxc6 16. Qxc6+ bxc6 17. Nxe4 Bb4+ 18. Ke2 Rc8 19. Rhd1 Ke7 20. a3 Ba5 21. Nc5 Rc7 22. Na6 Rb7 23. b4 Bb6 24. Bxc6 Rc7 25. Nxc7 Bxc7 26. Rd7+ Kf6 27. Rxc7 Rd8 28. Rd7 Rc8 29. Rxa7 Be4 30. b5 Bxc6 31. Rxc6 Kf5 32. Rxc8 Kxf4 33. Rxf7+ Ke5 34. Rg8 Kd4 35. Rgxg7 Kc5 36. Rb7 e5 37. b6 Kc6 38. Rgc7+ Kd5 39. Rb8 Kd6 40. Rd8+ Ke6 41. b7 Kf5 42. b8=Q Ke4 43. Qb1+ Kf4 44. Rf7+ Kg5 45. Rg8+ Kh6 46. Qxh7# 1-0

[Event "*** Titled Tuesday Blitz"]
[Site "Chess.com"]
[Date "2020.05.26"]
[Round "6"]
[White "sergiochess83"]
[Black "AlexOstrovskiy"]
[Result "1-0"]
[WhiteElo "2850"]
[BlackElo "2624"]
[TimeControl "180+1"]
[EndTime "11:08:16 PDT"]
[Termination "sergiochess83 won by resignation"]

1. e4 c6 2. d4 d5 3. e5 c5 4.
dxc5 e6 5. Be3 Nd7 6. Bb5 Ne7 7. c3 a6 8. Bxd7+ Bxd7 9. Nf3 Nf5 10. Bd4 Rc8 11.
Nbd2 Bxc5 12. Bxc5 Rxc5 13. Nb3 Rc8 14. Nbd4 Nxd4 15.
Nxd4 Qg5 16. Qe2 Qxg2 17. O-O-O Qg5+ 18. Kb1 g6 19. Rdg1 Qe7 20. h4 h5 21. Qe3 Rc4 22.
Rg3 b5 23. b3 Rc7 24. Rf3 a5 25. Qf4 b4 26. Rc1 O-O 27. Rg3 Rxc3 28. Rgxc3 bxc3 29.
Rxc3 Rc8 30. Rxc8+ Bxc8 31. Kb2 Qc5 32. a3 Ba6 33. Qe3 Qb6 34. a4 Qc7 35. f4 Qe7 36. Qe1 Qc7 37. Qc3 Qb6 38. Kc2 Qd8 39. Qe1 Qc7+ 40.
Kb2 Qb6 41. Qd2 Qd8 42. Nf3 Qb6 43. Qd4 Qc7 44. Ng5 Qd8 45. Kc3 Qc7+ 46. Kb2 Qd8 47. Qa7 d4 48. Qxf7+ 1-0

[Event "*** Titled Tuesday Blitz"]
[Site "Chess.com"]
[Date "2020.05.26"]
[Round "6"]
[White "GMSrinath"]
[Black "Shubinkirill2003"]
[Result "0-1"]
[WhiteElo "2805"]
[BlackElo "2622"]
[TimeControl "180+1"]
[EndTime "11:08:16 PDT"]
[Termination "Shubinkirill2003 won by resignation"]

1. e4 e6 2. d4 d5 3. Nd2 Be7 4. Ngf3 Nf6 5. e5 Nfd7 6. Bd3 c5 7. c3 Nc6 8. O-O a5 9. a4 b6 10. Re1 Bb7 11. Nf1 cxd4 12. cxd4 Nb4 13. Bb5 Rc8 14. Ne3 Bc6 15. Bd2 Bxb5 16. axb5 Nd3 17. Re2 Nxb2 18. Qb1 Nc4 19. Nxc4 Rxc4 20. g3 O-O 21. h4 h6 22.
Bf4 Rc3 23. Kg2 Qc7 24. Qb2 Rc8 25. Ree1 Qc4 26. Rec1 Qb4 27. Qe2 Rxc1 28. Rxc1 Rxc1 29. Bxc1 a4 30. Qc2 Qxb5 31. Qc8+ Nf8 32. Qa8 Qc4 33. Bb2 b5 34. Qa7 Qb3 35. Bc1 Ba3 36.
Bf4 Bb4 37. Nh2 Qd3 38. Ng4 h5 39. Nh2 a3 40. Nf3 Qe4 41. Qa6 Be7 42. Qa7 Ng6 43.
Qa8+ Kh7 44. Bc1 b4 45. Qa7 Kg8 46. Qa8+ Kh7 47. Qa7 Kg8 48. Qa8+ Bf8 49. Bd2 b3 50. Bb4 b2 51. Bxf8 Nxf8 52. g4 Qxg4+ 53. Kh2 Qxf3 54. Qxa3 Qxa3 0-1

[Event "*** Titled Tuesday Blitz"]
[Site "Chess.com"]
[Date "2020.05.26"]
[Round "6"]
[White "Harsha_Bharathakoti"]
[Black "BLITZMASTER"]
[Result "0-1"]
[WhiteElo "2721"]
[BlackElo "2500"]
[TimeControl "180+1"]
[EndTime "11:08:18 PDT"]
[Termination "BLITZMASTER won by resignation"]

1. Nf3 d5 2. c4 d4 3. g3 Nc6 4. Bg2 e5 5. O-O e4 6. Ne1 h5 7. Bxe4 Nf6 8. Bg2 h4 9. Qb3 hxg3 10. fxg3 Ng4 11. Nf3 Rb8 12. d3 Bd6 13. c5 Be6 14.
Qc2 Be7 15. Na3 Qd7 16. Nc4 f6 17. Bd2 Nh6 18. b4 Bh3 19. b5 Nd8 20. c6 bxc6 21.
bxc6 Qg4 22. Bf4 Bxg2 23. Kxg2 Ne6 24. Bd2 Nf5 25. Rab1 Rd8 26. Rb5 Qh3+ 27. Kf2 Nh6 28. Ke1 Ng4 29. Qb3 Nxh2 30. Nxh2 Qxh2 31. Na5 Qxg3+ 32.
Kd1 Qg2 33. Re1 Kf7 34. Nb7 Rde8 35. Qc4 Rh1 36. Na5 Rxe1+ 37. Bxe1 Bf8 38. Nb3 Kg8 39. Nxd4 Qh3 40. Nxe6 Rxe6 41. Rb2 Kh7 42. Qd5 Bd6 43.
e4 Re5 44. Qc4 Qg4+ 45. Re2 Rc5 46. Qd4 Qg5 47. Bd2 Qg1+ 48. Re1 Qxd4 0-1

[Event "*** Titled Tuesday Blitz"]
[Site "Chess.com"]
[Date "2020.05.26"]
[Round "6"]
[White "Nathan_Filgueiras"]
[Black "JoySpaceman"]
[Result "0-1"]
[WhiteElo "2328"]
[BlackElo "2501"]
[TimeControl "180+1"]
[EndTime "11:08:18 PDT"]
[Termination "JoySpaceman won on time"]

1. e4 c5 2. Nf3 e6 3. d4 cxd4 4. Nxd4 a6 5. Bd3 Bc5 6. Nb3 Be7 7. Qg4 Nf6 8. Qxg7 Rg8 9. Qh6 Nc6 10. g3 d5 11. exd5 Qxd5 12. O-O Ne5 13. Be2 b5 14. Nc3 Nf3+ 15. Bxf3 Qxf3 16. Qe3 Qh5 17. Qe2 Rg4 18. f3 Rc4 19. Be3 Bb7 20. Rad1 Rxc3 21. bxc3 Nd5 22. Bd4 Rc8 23. Qf2 Bd6 24. Rde1 Qg6 25.
Kh1 Ke7 26. Nd2 Nxc3 27. Ne4 Nxe4 28. fxe4 Bxe4+ 29. Kg1 f5 30. Be3 h5 31. Bf4 Bc5 32. Be3 Bb4 33. Re2 h4 34. Bf4 Qg4 35. Rfe1 Bc5 36.
Be3 Bb4 37. Bf4 Bxe1 38. Rxe1 Rxc2 39. Qe3 Rg2+ 40. Kf1 Rxh2 41. Qc5+ Kf7 42. Qc7+ Kg6 43. Qe7 Qf3+ 0-1

[Event "*** Titled Tuesday Blitz"]
[Site "Chess.com"]
[Date "2020.05.26"]
[Round "6"]
[White "kleinebeer98"]
[Black "Hydrargyrum_Girl"]
[Result "1-0"]
[WhiteElo "2675"]
[BlackElo "2370"]
[TimeControl "180+1"]
[EndTime "11:08:21 PDT"]
[Termination "kleinebeer98 won on time"]

1. e4 e5 2. Nf3 Nc6 3. Nc3 Nf6 4. a3 d6 5. d4 exd4 6. Nxd4 Bd7 7. g3 g6 8. Bg2 Bg7 9. Nb3 O-O 10. O-O Re8 11. Re1 Rb8 12. h3 Be6 13. Be3 Bxb3 14. cxb3 a6 15.
Qd2 Nd7 16. Rad1 Nc5 17. b4 Ne6 18. Nd5 Ncd4 19. f4 c5 20. Kh2 Nc7 21. Nc3 Ncb5 22.
Nxb5 axb5 23. e5 dxe5 24. bxc5 exf4 25. Bxf4 Rxe1 26. Qxe1 Rc8 27. Bd6 Nc6 28. b4 Qg5 29. Rd5 Qf6 30. Qe2 Qb2 31. Qxb5 Nd4 32. Qd3 Re8 33.
Rxd4 Bxd4 34. h4 Re2 35. Qf3 Qd2 36. Qxb7 Kg7 37. Qa8 Qe3 38. Qf8+ Kf6 39. Qd8+ Kf5 40. Qd7+ Kf6 41. Qd8+ Kf5 42. Qc8+ Kf6 43. Qc6 Qg1+ 44.
Kh3 Kg7 45. Qa8 1-0

[Event "*** Titled Tuesday Blitz"]
[Site "Chess.com"]
[Date "2020.05.26"]
[Round "6"]
[White "Kapibara_Warri0r"]
[Black "lelya96"]
[Result "1-0"]
[WhiteElo "2094"]
[BlackElo "2257"]
[TimeControl "180+1"]
[EndTime "11:08:21 PDT"]
[Termination "Kapibara_Warri0r won by checkmate"]

1. e4 c5 2. Nf3 Nf6 3. e5 Nd5 4. c3 e6 5. d4 Nc6 6. a3 b6 7.
Bd3 Bb7 8. O-O Be7 9. Be4 Na5 10. b4 cxb4 11. axb4 Nc4 12. b5 Qc7 13. Qe2 d6 14. Ra4 Na5 15. c4 Nb4 16. Bxb7 Qxb7 17. Rxb4 d5 18. c5 bxc5 19. Ra4 Nc4 20. dxc5 Bxc5 21. Nc3 O-O 22. Be3 Nxe3 23. fxe3 Rfc8 24. Qd3 Qb6 25. Nd4 Bf8 26. Raa1 Rc4 27. Kh1 Rac8 28. Nce2 Qb8 29. Rac1 Qxe5 30. Rxc4 dxc4 31. Qc3 f6 32. Nc6 Qc7 33. Qd4 Qb6 34. Qxc4 Qxe3 35. Rf3 Qd2 36. Qxe6+ Kh8 37. Qxc8 Qd6 38. Rd3 Qc5 39. Rd8 h6 40.
Rxf8+ Kh7 41. Rh8+ Kg6 42. Qe8+ Kg5 43. h4+ Kg4 44.
Qe4+ Kh5 45. Qf3+ Kg6 46. Nf4+ Kf7 47. Qd5+ Qxd5 48. Nxd5 Ke6 49. Nxa7 Kxd5 50. b6 Ke5 51. b7 g5 52. b8=Q+ Kf5 53. Qb5+ Kg4 54. Qc4+ Kh5 55.
Qe2+ Kxh4 56. Rxh6+ Kg3 57. Qf3# 1-0

[Event "*** Titled Tuesday Blitz"]
[Site "Chess.com"]
[Date "2020.05.26"]
[Round "6"]
[White "ehrenfeld"]
[Black "AsselLesbekova"]
[Result "1-0"]
[WhiteElo "2450"]
[BlackElo "2271"]
[TimeControl "180+1"]
[EndTime "11:08:22 PDT"]
[Termination "ehrenfeld won by checkmate"]

1. e4 c5 2. d3 Nc6 3. f4 e6 4. Nf3 g6 5. Be2 Bg7 6. O-O Nge7 7. c3 d5 8. Na3 O-O 9. e5 d4 10. Nc4 dxc3 11. bxc3 Nd5 12. Bd2 f6 13. exf6 Bxf6 14. Qc2 b5 15. Nce5 Qc7 16. Nxc6 Qxc6 17. Ne5 Qc7 18. Bf3 Bb7 19. Rae1 Rad8 20. g3 Ne7 21.
Bxb7 Qxb7 22. Ng4 Qc6 23. Be3 Bg7 24. c4 b4 25. Qf2 Rc8 26. Qg2 Qd7 27. Qe4 Nf5 28.
Ne5 Qd6 29. Bf2 Rfe8 30. g4 Nd4 31. Bxd4 cxd4 32. Rf2 a5 33. Qb7 Rc7 34. Qb5 Rf8 35. Rc1 Rc5 36. Qb7 Bxe5 37. fxe5 Qxe5 38. Rxf8+ Kxf8 39. Rf1+ Ke8 40. Qf7+ Kd8 41. Qg8+ Kc7 42. Rf7+ Kb6 43. Qd8+ Ka6 44. Qa8+ Kb6 45. Qb7# 1-0

[Event "*** Titled Tuesday Blitz"]
[Site "Chess.com"]
[Date "2020.05.26"]
[Round "6"]
[White "WinstonSilvakov"]
[Black "EndGameDestroyer"]
[Result "0-1"]
[WhiteElo "2095"]
[BlackElo "2281"]
[TimeControl "180+1"]
[EndTime "11:08:22 PDT"]
[Termination "EndGameDestroyer won on time"]

1. d4 Nf6 2. e3 e6 3. Bd3 b6 4. f4 Bb7 5. Nf3 c5 6. c3 Be7 7. Nbd2 O-O 8. Qe2 Nc6 9. a3 d6 10. e4 e5 11. d5 Nb8 12. fxe5 dxe5 13. Nxe5 Bd6 14. Nef3 Re8 15. c4 Nbd7 16. O-O Qc7 17. Qf2 Ne5 18. Nxe5 Rxe5 19. Re1 Ng4 20. Qh4 Nxh2 21.
Qxh2 Rxe4 22. Qxh7+ Kxh7 23. Nxe4 Kg8 24. Bg5 f6 25. Bd2 Be5 26. Rab1 Bd4+ 27. Kf1 Kf7 28. Ke2 Re8 29. Kd1 b5 30. Kc2 a5 31. cxb5 Bxd5 32.
b3 c4 33. bxc4 Bxc4 34. Nd6+ Qxd6 35. Bxc4+ Kf8 36. Rxe8+ Kxe8 37. Bxa5 Qc5 38. Kb3 Bf2 39. Bb4 Qe3+ 40. Ka4 Qa7+ 41. Ba5 Bb6 0-1

[Event "*** Titled Tuesday Blitz"]
[Site "Chess.com"]
[Date "2020.05.26"]
[Round "6"]
[White "Fandorine"]
[Black "vanea_03"]
[Result "1/2-1/2"]
[WhiteElo "2893"]
[BlackElo "2687"]
[TimeControl "180+1"]
[EndTime "11:08:23 PDT"]
[Termination "Game drawn by repetition"]

1. e4 e5 2. Nf3 Nc6 3. Bc4 Nf6 4. d3 Bc5 5. c3 a6 6. Nbd2 Ba7 7. Bb3 O-O 8. Nf1 d5 9. exd5 Nxd5 10. Ng3 Nf4 11. Bxf4 exf4 12. Ne4 Bg4 13. Qc2 Na5 14. h3 Bh5 15.
O-O-O Nxb3+ 16. Qxb3 Bb6 17. Rhe1 Qd7 18. d4 Qb5 19.
Qc2 Rfe8 20. c4 Qa5 21. c5 Ba7 22. a3 Bg6 23. Ne5 Bf5 24. Qc4 Rf8 25. Nc3 Rad8 26.
Qb4 Qxb4 27. axb4 c6 28. d5 cxd5 29. Nxd5 Be6 30. Nxf4 Bb3 31. Rd3 Ba4 32. g3 Bb8 33. Rxd8 Rxd8 34. Nc4 Kf8 35. Ng2 Bb5 36. Nge3 Bc7 37.
b3 h5 38. h4 g6 39. Kc2 Kg7 40. Rd1 Rxd1 41. Kxd1 Kf6 42. Kd2 Ke6 43. Kd3 Bc6 44. Kd4 Bd8 45. Kd3 Bc7 46. Kd4 Bd8 47. Kd3 Bc7 1/2-1/2

[Event "*** Titled Tuesday Blitz"]
[Site "Chess.com"]
[Date "2020.05.26"]
[Round "6"]
[White "Luibov_AN"]
[Black "Lucas_Tomiello"]
[Result "1-0"]
[WhiteElo "2072"]
[BlackElo "2277"]
[TimeControl "180+1"]
[EndTime "11:08:23 PDT"]
[Termination "Luibov_AN won by resignation"]

1. d4 Nf6 2. Nf3 d5 3. c4 c6 4. Nc3 g6 5. h3 Bg7 6. e3 O-O 7. Qc2 Na6 8. a3 Nc7 9. b3 h6 10. Bd2 Bf5 11. Bd3 Ne4 12. Nxe4 dxe4 13. Bxe4 Bxe4 14.
Qxe4 c5 15. Rd1 cxd4 16. exd4 b5 17. O-O bxc4 18. bxc4 Re8 19. Bf4 Ne6 20. Be5 Qa5 21.
Qe3 Rad8 22. Bxg7 Kxg7 23. Ne5 Qb6 24. c5 Qb2 25. d5 Nxc5 26. Nc6 Nb7 27. Rb1 Qf6 28.
Rxb7 Rxd5 29. Nb4 Re5 30. Qxa7 e6 31. a4 g5 32. a5 h5 33. Nc6 Rf5 34. Qd4 e5 35.
Qd7 Re6 36. Nd8 Rd6 37. Qxf7+ Qxf7 38. Nxf7 Rxf7 39. Rxf7+ Kxf7 40. Ra1 Ra6 41. Kf1 Ke6 42. Ke2 Kd5 43. Ke3 h4 44. g3 hxg3 45. fxg3 e4 46. Ra4 Ra7 47. a6 Kc6 48. Kxe4 Kb5 49. Ra3 Kb4 50. Ra1 Kc4 51. Kf5 Kd4 52. Kxg5 Ke3 53. Kf5 Kf3 54. g4 Kg3 55. g5 Kxh3 56. g6 Kh4 57.
Kf6 1-0

[Event "*** Titled Tuesday Blitz"]
[Site "Chess.com"]
[Date "2020.05.26"]
[Round "6"]
[White "CarlssonLudvig"]
[Black "mohssenbinaddi"]
[Result "1-0"]
[WhiteElo "2514"]
[BlackElo "2183"]
[TimeControl "180+1"]
[EndTime "11:08:23 PDT"]
[Termination "CarlssonLudvig won on time"]

1. d4 c6 2. c4 d5 3. Nf3 Nf6 4. Nbd2 Bf5 5. Nh4 Be6 6. e3 g6 7. Be2 Bg7 8. O-O O-O 9. b3 a5 10. Ba3 Na6 11. Nhf3 h6 12. Ne5 Nb4 13. Bb2 Nd7 14.
a3 Nxe5 15. axb4 Nd7 16. bxa5 Rxa5 17. Bc3 Ra8 18. Qc2 Qc7 19. h3 Bf5 20. Qb2 g5 21. Rfc1 Qd6 22. Nf3 Rfe8 23. Rxa8 Rxa8 24. Ra1 Qb8 25. Ra3 Rxa3 26. Qxa3 Bf8 27. Bb4 e6 28. Bxf8 Qxf8 29. Qxf8+ Kxf8 30. c5 Bc2 31. b4 b6 32.
cxb6 Nxb6 33. Ne5 Ba4 34. Kf1 f6 35. Nd3 Bb5 36. Nc5 Bxe2+ 37. Kxe2 Ke7 38. Kd3 Kd6 39. f4 Nc4 40. g3 f5 41. fxg5 hxg5 42. h4 gxh4 43.
gxh4 e5 44. dxe5+ Nxe5+ 45. Kc3 Ng4 46. Kd4 Nf6 47. Nd3 Nh5 48. Nf4 1-0

[Event "*** Titled Tuesday Blitz"]
[Site "Chess.com"]
[Date "2020.05.26"]
[Round "6"]
[White "K_A_S_T_O_R"]
[Black "Keks2017"]
[Result "1-0"]
[WhiteElo "2724"]
[BlackElo "2546"]
[TimeControl "180+1"]
[EndTime "11:08:25 PDT"]
[Termination "K_A_S_T_O_R won on time"]

1. e4 d6 2. d4 Nf6 3. Nc3 g6 4. Nf3 Bg7 5. h3 O-O 6. Be3 a6 7. a4 e6 8. Bd3 Nc6 9. Ne2 Nb4 10. Ng3 Nxd3+ 11. cxd3 b6 12. O-O c5 13. Qd2 Re8 14.
b4 Nd7 15. Rab1 cxd4 16. Bxd4 Ne5 17. Nxe5 dxe5 18. Be3 Bd7 19. Qa2 Qb8 20. Rfd1 Qb7 21. Nf1 b5 22. a5 Kh8 23. Nd2 f5 24. f3 Bc6 25. Nb3 h6 26. Nc5 Qf7 27. Qd2 g5 28.
Rbc1 f4 29. Bf2 h5 30. Qe2 Bf6 31. Rc3 Rg8 32. Rdc1 Be8 33. Nb3 g4 34. fxg4 hxg4 35. hxg4 Qg6 36. Rc7 Bg5 37. Qf3 Qh6 38. Qh3 f3 39. R1c5 fxg2 40. Kxg2 Qxh3+ 41. Kxh3 Bf4 42. Bg3 Rd8 43. Rc3 Bxg3 44. Kxg3 Bh5 45. Kh4 Bxg4 46.
Rf7 Rg6 47. Rcc7 Bd1 48. Nc5 Rh6+ 49. Kg5 Rh3 50. Nxe6 Rg8+ 51. Kf6 Bb3 52. Kxe5 Rh5+ 53. Rf5 Rh6 54. Re7 Rc8 55. Nc5 Ba2 56. d4 Bb1 57. d5 1-0

[Event "*** Titled Tuesday Blitz"]
[Site "Chess.com"]
[Date "2020.05.26"]
[Round "6"]
[White "Vandros57"]
[Black "MaxLeto"]
[Result "1-0"]
[WhiteElo "2203"]
[BlackElo "2308"]
[TimeControl "180+1"]
[EndTime "11:08:25 PDT"]
[Termination "Vandros57 won by resignation"]

1. d4 Nf6 2. Nf3 g6 3. c4 Bg7 4. Nc3 O-O 5. e4 d6 6. Be2 e5 7.
dxe5 dxe5 8. Qxd8 Rxd8 9. Bg5 c6 10. Nxe5 Re8 11. O-O-O Na6 12. Rd6 Nxe4 13. Nxe4 Bxe5 14.
Nf6+ Bxf6 15. Bxf6 Nc5 16. Bf3 Bf5 17. Rhd1 a5 18.
h4 h5 19. g3 a4 20. Rd8 Rexd8 21. Rxd8+ Rxd8 22. Bxd8 Nd3+ 23. Kd2 Nxb2 24. Kc3 Nd3 25. Bb6 Ne5 26. Be2 Be6 27. Bd4 Ng4 28. Kb4 Nh2 29.
Kxa4 Ng4 30. Ka5 b5 31. cxb5 cxb5 32. a3 Bc4 33. Bxc4 bxc4 34. Kb4 Kf8 35. a4 Ke7 36. a5 Kd7 37. a6 Kc6 38. a7 Kb7 39. Kxc4 f6 40. Kd5 g5 41. Ke6 gxh4 42. gxh4 Nh2 43. Kxf6 Nf3 44. Be3 Nxh4 45. Kg5 Ng2 46. Kxh5 Nxe3 47.
fxe3 Kxa7 48. Kg6 Kb7 49. Kf7 Kc7 50. e4 Kd6 51. Kf6 Kd7 52. e5 Ke8 53. Ke6 Kf8 54.
Kd7 1-0

[Event "*** Titled Tuesday Blitz"]
[Site "Chess.com"]
[Date "2020.05.26"]
[Round "6"]
[White "Borsuk_Konstantin"]
[Black "Elbek_Jumanov"]
[Result "1/2-1/2"]
[WhiteElo "2601"]
[BlackElo "2411"]
[TimeControl "180+1"]
[EndTime "11:08:26 PDT"]
[Termination "Game drawn by repetition"]

1. d4 Nf6 2. c4 c5 3. d5 b5 4. cxb5 a6 5. b6 d6 6. Nc3 g6 7. Nf3 Bg7 8. Nd2 O-O 9. e4 Nbd7 10. Be2 Nxb6 11. a4 a5 12. O-O Ba6 13. Bxa6 Rxa6 14.
Qe2 Ra8 15. Rd1 Qc7 16. Ra3 Rfb8 17. b3 Ne8 18. Nb5 Qb7 19. Ra2 Nc7 20. Na3 Qa6 21.
Ndc4 Nxc4 22. bxc4 Qb6 23. Nb5 Na6 24. Bg5 Nb4 25.
Ra3 Re8 26. Rh3 Qb7 27. Qg4 h5 28. Qf3 Qd7 29. Rh4 f6 30. Bc1 Kf7 31. Rh3 Rh8 32. Rg3 h4 33. Rg4 Rag8 34. h3 Bh6 35. Bb2 Bg7 36.
e5 dxe5 37. Bxe5 Rh5 38. Ba1 Rf5 39. Rf4 Rxf4 40. Qxf4 Rh8 41. Qf3 Rh5 42. d6 Rf5 43.
Qa8 Bh6 44. Qb8 Bf4 45. Qc7 Ke8 46. Qb8+ Kf7 47. Qc7 Ke8 48. Qb8+ Kf7 1/2-1/2

[Event "*** Titled Tuesday Blitz"]
[Site "Chess.com"]
[Date "2020.05.26"]
[Round "6"]
[White "freshfoodcompany"]
[Black "Baronessa08"]
[Result "0-1"]
[WhiteElo "2208"]
[BlackElo "2406"]
[TimeControl "180+1"]
[EndTime "11:08:26 PDT"]
[Termination "Baronessa08 won on time"]

1. d4 d5 2. c4 dxc4 3. e4 Nf6 4. e5 Nd5 5. Bxc4 Nb6 6. Bd3 Nc6 7.
Be3 Nb4 8. Be4 f5 9. a3 fxe4 10. axb4 e6 11. Qh5+ g6 12. Qg4 Bxb4+ 13. Nd2 O-O 14.
Qxe4 Qd5 15. Qxd5 Nxd5 16. Nf3 Bd7 17. O-O a5 18. Rfc1 a4 19. Ne4 Kg7 20. Bg5 Bc6 21. Nf6 Nxf6 22. exf6+ Kg8 23. Ne5 Ra6 24. Ng4 h5 25.
Ne5 Bd6 26. Nxg6 Rfa8 27. Bf4 Kf7 28. Bxd6 cxd6 29. Nf4 h4 30. Re1 Bd7 31. Rac1 Rc6 32. d5 Rxc1 33. dxe6+ Bxe6 34. Rxc1 Kxf6 35. Rc7 b5 36.
Rc6 Bc4 37. g3 hxg3 38. hxg3 Ke5 39. Rc7 d5 40. Re7+ Kd6 41. Re3 d4 42. Re1 Kc5 43. Rc1 Kb4 44. Rd1 Rd8 45. g4 d3 46. g5 d2 47. g6 Bb3 48. g7 Bxd1 49. Ne6 Rg8 50.
f4 Bb3 0-1

[Event "*** Titled Tuesday Blitz"]
[Site "Chess.com"]
[Date "2020.05.26"]
[Round "6"]
[White "ZuchBolt"]
[Black "JulAnt"]
[Result "1/2-1/2"]
[WhiteElo "2230"]
[BlackElo "2401"]
[TimeControl "180+1"]
[EndTime "11:08:27 PDT"]
[Termination "Game drawn by agreement"]

1. d4 Nf6 2. c4 g6 3. Nc3 Bg7 4. e4 O-O 5. f3 d6 6. Be3 c5 7.
Nge2 cxd4 8. Nxd4 Nc6 9. Qd2 a5 10. Ndb5 a4 11. Rd1 Qa5 12. Be2 Be6 13. O-O Rfc8 14. Nd5 Bxd5 15. exd5 Qxd2 16. Rxd2 Ne5 17. b3 axb3 18. axb3 Ned7 19. Rc1 Nc5 20. Bd1 Nfd7 21. Kf2 h5 22. Ke2 Na6 23. Ra2 Nb4 24. Rxa8 Rxa8 25. c5 dxc5 26. Bxc5 Rc8 27. Be3 Rxc1 28. Bxc1 Nxd5 29.
Kd3 Be5 30. g3 Kg7 31. f4 Bf6 32. Bf3 e6 33. Kc4 N7b6+ 34. Kc5 Be7+ 35. Kd4 Kf8 36. Bd2 Ke8 37. Ba5 Kd7 38. Bxb6 Nxb6 39. Bxb7 Bf6+ 40.
Kc5 Bd8 41. Nd6 Be7 42. Kxb6 Bxd6 43. h3 e5 44. fxe5 Bxe5 45. g4 hxg4 46. hxg4 f5 47. gxf5 gxf5 48. Bf3 f4 49. Ka5 Kc7 50. b4 Kb8 51. b5 Bd6 52. b6 Be5 53. Ka6 Bd6 54. Kb5 1/2-1/2

[Event "*** Titled Tuesday Blitz"]
[Site "Chess.com"]
[Date "2020.05.26"]
[Round "6"]
[White "pfalcon1949"]
[Black "Schachmalanders"]
[Result "0-1"]
[WhiteElo "2053"]
[BlackElo "2310"]
[TimeControl "180+1"]
[EndTime "11:08:27 PDT"]
[Termination "Schachmalanders won by resignation"]

1. d4 d5 2. c4 e6 3. Nc3 c6 4. e4 dxe4 5. Nxe4 Bb4+ 6. Bd2 Qxd4 7. Bxb4 Qxe4+ 8. Ne2 Na6 9. Bf8 Ne7 10. Bxg7 Rg8 11.
Bf6 Rg6 12. Qd4 Qf5 13. Bxe7 Kxe7 14. O-O-O Qa5 15. Qd6+ Ke8 16. Nc3 e5 17. Qd2 Bf5 18. Bd3 Rd8 19. Qc2 Nb4 20. Bxf5 Nxc2 21. Bxg6 Rxd1+ 22. Rxd1 hxg6 23. Kxc2 Qc5 24. Rd2 Qxc4 25. f3 b5 26. b3 Qc5 27. Kb2 Qe3 28. Ne4 Kf8 29. Kc2 Kg7 30. Rd3 Qg1 31. Rd2 Qxh2 32. a3 Qg1 33. a4 bxa4 34. bxa4 Qa1 35. Kb3 Qc1 36. Rc2 Qd1 37. Kc3 a5 38. Nd2 Qa1+ 39.
Kd3 Qxa4 40. Nc4 Qb4 41. Nxe5 Qd6+ 42. Ke4 Qd5+ 43. Kf4 Qd4+ 44. Kg3 Qxe5+ 45. Kf2 Qd4+ 46. Kg3 c5 47. Re2 a4 48. f4 a3 49. Rf2 Qe3+ 50. Rf3 Qxf3+ 51. gxf3 a2 52. f5 a1=Q 53. fxg6 Kxg6 54. Kg4 Qd4+ 55. f4 Qg1+ 56. Kf3 Kf5 57. Ke2 Ke4 58. Kd2 Qe3+ 59. Kc2 c4 60. Kb2 Qb3+ 0-1

[Event "*** Titled Tuesday Blitz"]
[Site "Chess.com"]
[Date "2020.05.26"]
[Round "6"]
[White "DonPreuss"]
[Black "oykuince"]
[Result "0-1"]
[WhiteElo "2224"]
[BlackElo "2033"]
[TimeControl "180+1"]
[EndTime "11:08:27 PDT"]
[Termination "oykuince won by checkmate"]

1. d4 Nf6 2. Nc3 d5 3. e4 dxe4 4. f3 exf3 5. Nxf3 e6 6. Bd3 c5 7. dxc5 Bxc5 8. Bg5 Nbd7 9. Qd2 h6 10. Bh4 Qb6 11. Na4 Qb4 12. Nxc5 Qxd2+ 13. Nxd2 Nxc5 14.
Bb5+ Bd7 15. Bxd7+ Ncxd7 16. O-O-O O-O-O 17. Nc4 Rhf8 18. Nd6+ Kb8 19. Bg3 Ka8 20. Nb5 b6 21. Bd6 Rg8 22. Be7 Rc8 23. Nd6 Rc6 24. Nxf7 Rgc8 25. c3 Nd5 26. Ba3 b5 27. Nd6 Rb8 28. Ne4 b4 29.
Bxb4 Rxb4 30. Ng3 Rb8 31. Rde1 Rbc8 32. Rxe6 Rxe6 33. Nf5 Rf6 34. Nd4 Rf2 35. Re1 Rxg2 36. Rf1 Rxh2 37. Rf7 Rh1+ 38. Kc2 Rh2+ 39. Kb3 N7f6 40.
Nb5 Kb8 41. Nxa7 Rc7 42. Rf8+ Kxa7 43. a4 Rb7+ 44. Kc4 Rhxb2 45. a5 Rc7+ 46. Kd4 Rd2+ 47. Ke5 Re7+ 48. Kd6 Re4 49. a6 Kxa6 50. c4 Rxc4 51. Ke5 Re4+ 52. Kd6 Nb6+ 53. Kc6 Rc4# 0-1

[Event "*** Titled Tuesday Blitz"]
[Site "Chess.com"]
[Date "2020.05.26"]
[Round "6"]
[White "Perecke"]
[Black "Shockerlover"]
[Result "1-0"]
[WhiteElo "2194"]
[BlackElo "1762"]
[TimeControl "180+1"]
[EndTime "11:08:27 PDT"]
[Termination "Perecke won by checkmate"]

1. e4 g6 2. d4 Bg7 3. f4 d6 4.
Nf3 Nf6 5. Bd3 O-O 6. O-O c5 7. d5 e6 8. c4 exd5 9. cxd5 a6 10. a4 Bg4 11. Nc3 Nbd7 12. h3 Bxf3 13. Qxf3 Qb6 14. Qf2 Rae8 15. Be3 Qd8 16. a5 b5 17. axb6 Qxb6 18. Rxa6 Qb7 19. Rxd6 c4 20. Bb1 Qc7 21. Rc6 Qb7 22. Rxc4 Nh5 23. e5 Nxe5 24. fxe5 Bxe5 25. Bd4 Bg3 26. Qf3 Qb8 27. Ne4 Bh2+ 28. Kh1 Rxe4 29.
Bxe4 Ng3+ 30. Kxh2 Nxf1+ 31. Kg1 Ng3 32. Qf6 Ne2+ 33.
Kh1 Nxd4 34. Qxd4 Qf4 35. Bf3 Qd6 36. Qf4 Qa6 37. d6 Qa1+ 38. Qc1 Qa6 39. Rd4 Qb6 40. Qd2 Rd8 41. d7 Qe6 42. Re4 Qa2 43. Re8+ Kg7 44. Rxd8 Qa1+ 45. Kh2 Qa7 46. Rg8+ Kxg8 47. d8=Q+ Kg7 48. Q2d4+ f6 49. Qxa7+ Kh6 50. Qf8+ Kg5 51.
Qe3+ Kf5 52. Qe4+ Kg5 53. h4# 1-0

[Event "*** Titled Tuesday Blitz"]
[Site "Chess.com"]
[Date "2020.05.26"]
[Round "6"]
[White "Mbneu"]
[Black "Malysch"]
[Result "0-1"]
[WhiteElo "2227"]
[BlackElo "2457"]
[TimeControl "180+1"]
[EndTime "11:08:28 PDT"]
[Termination "Malysch won by resignation"]

1. d4 Nf6 2. c4 g6 3. Nc3 d5 4. cxd5 Nxd5 5. g3 Bg7 6. Bg2 Nxc3 7. bxc3 c5 8. e3 Qa5 9. Bd2 O-O 10. Ne2 Nc6 11. O-O Bg4 12. h3 Bxe2 13. Qxe2 Rac8 14.
Rfb1 b6 15. Qb5 Qxb5 16. Rxb5 Na5 17. Bf1 cxd4 18. cxd4 Nc4 19. Bb4 Nd6 20. Bxd6 exd6 21.
a4 Bf6 22. a5 Bd8 23. Rd5 bxa5 24. Rxd6 Bb6 25. h4 Rc2 26. Bh3 h5 27. Ra4 Rd2 28. Rd7 Rd8 29. Kg2 Rxd7 30. Bxd7 Rb2 31. Rc4 Kf8 32.
Rc8+ Ke7 33. Ba4 Rb4 34. Re8+ Kd6 35. Bd1 a4 36. Rc8 a3 37. Rc2 Rb2 38. Rxb2 axb2 39. Bc2 a5 40. Kf3 Kd5 41. Bb3+ Kc6 42. Ba2 Kb5 43. Ke2 Kb4 44. Kd2 f6 45. Kc2 Ka3 46. Kb1 g5 47. hxg5 fxg5 48. Be6 h4 49. gxh4 gxh4 50.
f4 a4 51. Bg4 Bd8 52. f5 Kb3 53. Bd1+ Kc3 54. Bf3 a3 55. d5 h3 56. d6 h2 57. e4 a2+ 58. Kxa2 Kc2 59. e5 b1=Q+ 0-1

[Event "*** Titled Tuesday Blitz"]
[Site "Chess.com"]
[Date "2020.05.26"]
[Round "6"]
[White "narutosmith"]
[Black "rugbyclub"]
[Result "0-1"]
[WhiteElo "2258"]
[BlackElo "2107"]
[TimeControl "180+1"]
[EndTime "11:08:28 PDT"]
[Termination "rugbyclub won on time"]

1. c4 e5 2. Nc3 Bb4 3. Nd5 Bc5 4. Nf3 Nc6 5. e3 a6 6. d4 Ba7 7. dxe5 Nge7 8. Bd3 Ng6 9. Bxg6 hxg6 10. O-O d6 11.
exd6 Qxd6 12. e4 Bg4 13. Bf4 Bxf3 14. Bxd6 Bxd1 15. Nxc7+ Kd7 16. Nxa8 Kxd6 17. Rfxd1+ Nd4 18. c5+ Bxc5 19. e5+ Kxe5 20. Rac1 Ne2+ 21. Kf1 Nxc1 22. Rxc1 Bd4 23. Nc7 Rc8 24. f4+ Ke4 25. Re1+ Kd3 26.
Nd5 Bxb2 27. g3 Bd4 28. Re7 b5 29. Rxf7 Rc1+ 30. Kg2 Rc2+ 31. Kh3 Kd2 32. a3 a5 33. Rb7 Rc5 34. Ne7 Bb2 35. Nxg6 Bxa3 36. Ne5 b4 37. Rd7+ Ke3 38. Rd3+ Ke2 39. Rd7 b3 40. Rb7 Bb4 41.
Rd7 b2 42. Re7 b1=Q 43. Nd7+ Kf1 44. Nxc5 Qh7+ 45. Kg4 Bxc5 46. Re5 Qc2 47. Re6 a4 48. Re5 a3 49. Kf3 a2 0-1